 Dungeon Crawl Stone Soup version 0.26.1-11-gd32895ea62 (webtiles) character file.

Game seed: 14869125180793397833

65917 bigdumb the Impaler (level 14, -4/113 HPs)
             Began as a Demigod Gladiator on July 5, 2021.
             Killed from afar by a tengu reaver (22 damage)
             ... with a fireball
             ... led by Sojobo
             ... on level 1 of the Depths.
             The game lasted 00:45:43 (28177 turns).

bigdumb the Impaler (Demigod Gladiator)            Turns: 28177, Time: 00:45:44

Health: -4/113     AC: 22    Str: 31    XL:     14   Next: 38%
Magic:  17/17      EV:  9    Int: 12    God:
Gold:   638        SH: 31    Dex: 17    Spells: 13/13 levels left

rFire    . . .     SeeInvis +   t - +12 trident of Change {vorpal, rElec SInv Stlth+}
rCold    . . .     Faith    .   a - +6 tower shield
rNeg     . . .     Spirit   .   f - +5 chain mail
rPois    .         Reflect  +   F - +2 hat {Will+}
rElec    +         Harm     .   (no cloak)
rCorr    .         Rampage  .   q - +0 pair of gloves
Will     ++...                  c - +0 pair of boots
Stlth    ..........             o - amulet of reflection
HPRegen  0.28/turn              (no ring)
MPRegen  0.15/turn              G - +6 ring of strength

@: no status effects
A: high mp 1
a: no special abilities


You were on level 1 of the Depths.
You visited 3 branches of the dungeon, and saw 18 of its levels.
You visited 1 bazaar.

You collected 1958 gold pieces.
You spent 1320 gold pieces at shops.

Inventory:

Hand Weapons
 t - the +12 trident of Change (weapon) {vorpal, rElec SInv Stlth+}
   (You found it on level 8 of the Dungeon)

   It inflicts extra damage upon your enemies.
   It insulates you from electricity.
   It lets you see invisible.
   It makes you more stealthy.
 M - the +6 mace of Putran {vorpal, rPois}
   (You found it on level 15 of the Dungeon)

   It inflicts extra damage upon your enemies.
   It protects you from poison.
Missiles
 d - 2 throwing nets (quivered)
Armour
 a - a +6 tower shield (worn)
 c - a +0 pair of boots (worn)
 f - a +5 chain mail (worn)
 q - a +0 pair of gloves (worn)
 F - a +2 hat of willpower (worn)
Jewellery
 b - an uncursed ring of attention
 g - an uncursed ring of wizardry
 o - an amulet of reflection (around neck)
 s - an uncursed amulet of magic regeneration
 y - an uncursed ring of see invisible
 z - an uncursed ring of fire
 G - a +6 ring of strength (right hand)
Wands
 h - a wand of random effects (10)
 l - a wand of disintegration (22)
 n - a wand of flame (73)
 r - a wand of digging (13)
 w - a wand of polymorph (16)
 A - a wand of iceblast (4)
 C - a wand of acid (3)
 I - a wand of paralysis (12)
 L - a wand of enslavement (12)
Scrolls
 i - 17 scrolls of identify
 k - 6 scrolls of teleportation
 p - a scroll of blinking
 B - a scroll of holy word
 D - 3 scrolls of remove curse
 H - 2 scrolls of enchant weapon
Potions
 e - 3 potions of curing
 m - 4 potions of brilliance
 u - 2 potions of lignification
 v - 3 potions of degeneration
 x - 3 potions of flight
 E - 2 potions of attraction
 J - a potion of magic
 N - 8 potions of ambrosia {unknown}
Miscellaneous
 j - a phial of floods
 K - a condenser vane


   Skills:
 + Level 7.6 Fighting
 - Level 5.6 Maces & Flails
 * Level 15.3 Polearms
 - Level 1.7 Throwing
 + Level 11.2 Armour
 + Level 4.2 Dodging
 - Level 0.1 Stealth
 + Level 11.3 Shields


You had 13 spell levels left.
You didn't know any spells.
Your spell library contained the following spells:

 Spells                   Type           Power        Failure   Level
 Beastly Appendage        Tmut           0%           100%        1
 Poisonous Vapours        Pois/Air       0%           100%        2
 Wereblood                Tmut           0%           100%        2
 Conjure Flame            Conj/Fire      0%           100%        3
 Mephitic Cloud           Conj/Pois/Air  0%           100%        3
 Spider Form              Tmut/Pois      0%           100%        3
 Ice Form                 Ice/Tmut       0%           100%        4
 Blade Hands              Tmut           0%           100%        5
 Freezing Cloud           Conj/Ice/Air   0%           100%        6


Dungeon Overview and Level Annotations

Branches:
Dungeon (15/15)            Temple (0/1) D:5            Lair (0/6) D:9
    Orc (2/2) D:12            Elf (0/3) Orc:2        Vaults (0/5) D:14
 Depths (1/5) D:15

Shops:
D:9 :   D:14 ?   Orc:2 (=**

Annotations:
Depths:1 exclusion: orange crystal statue, Sojobo


Innate Abilities, Weirdness & Mutations

You have an increased reservoir of magic. (+10% MP)


Message History

The tengu reaver is moderately wounded.
The tengu reaver hits you with a +3 vorpal war axe.
* * * LOW HITPOINT WARNING * * *
x2 You block the tengu reaver's attack.
The tengu reaver claws you but does no damage.
The tengu reaver blocks your attack.
The tengu reaver is moderately wounded.
You puncture the tengu reaver!
The tengu reaver is heavily wounded.
The tengu reaver hits you with a +3 vorpal war axe!
* * * LOW HITPOINT WARNING * * *
x2 You block the tengu reaver's attack.
The tengu reaver claws you.
* * * LOW HITPOINT WARNING * * *
Blink to where?
Press: ? - help, Dir - move target
As you read the scroll of blinking, it crumbles to dust.
You feel better. The tengu reaver casts a spell at you.
The fireball explodes!
The fireball engulfs you!!
You die...

##....##.........#
###...###......#§#
#.....##.........#
##.........###.Q*. #..##..##..
#....≈ ####..##.####.##....≈≈ #
#.........###....##.≈≈≈#
.................##.≈≈≈'
......##.###....@...≈≈≈#.
.....###..##.....##.≈≈≈#
##...............# ≈≈#
.........##..#...# #
.......#.###.#.... ......##
......... .#..#..# ........#
.#..##...........###
.....#.............##############


You could see a tengu reaver and a battlesphere.

Vanquished Creatures
  A lich (Depths:1)
  Gastronok (D:9)
  Kirke (D:12)
  A tengu reaver (D:15)
  A frost giant (Depths:1)
  A very ugly thing (Depths:1)
  An entropy weaver (shapeshifter) (D:15)
  The ghost of cozkul the Cleaver, a journeyman DDBe of Trog (Orc:2)
  An ettin (Depths:1)
  A fire dragon (Depths:1)
  Josephine (D:12)
  2 great orbs of eyes (Depths:1)
  An ice dragon (Depths:1)
  2 boulder beetles
  3 hydras
  A catoblepas (D:12)
  3 centaur warriors
  A death knight (D:15)
  8 two-headed ogres
  A tengu warrior (Depths:1)
  7 orc high priests (Orc:2)
  A skeletal warrior (D:15)
  3 unseen horrors
  An unseen horror (shapeshifter) (D:15)
  A wolf spider zombie (D:15)
  An orc knight (D:15)
  5 ugly things
  4 deep elf magi
  2 cyclopes (D:13)
  A manticore (D:15)
  A salamander (D:15)
  Psyche (D:12)
  A gargoyle (D:11)
  6 centaur skeletons
  A freezing wraith (D:15)
  4 tengu conjurers
  3 efreet (D:15)
  3 meliai (D:15)
  A queen bee (D:15)
  7 trolls
  14 slime creatures
  A meliai zombie (D:11)
  Sigmund (D:3)
  3 shadows
  3 wyverns
  8 wraiths
  15 yaks
  A fire elemental (D:13)
  A basilisk (shapeshifter) (Depths:1)
  4 hogs (D:12)
  Grum (D:11)
  8 vampire mosquitoes
  7 wargs
  Edmund (D:5)
  2 acid dragons
  3 sky beasts
  14 orc warriors
  A phantom (D:7)
  An ice beast (D:2)
  3 black bears
  A necrophage (D:6)
  4 wolves (D:11)
  13 ogres
  9 centaurs
  3 big kobolds
  8 bullfrogs
  A gnoll sergeant (D:11)
  6 scorpions
  21 killer bees (D:15)
  6 wights
  A lava snake (D:13)
  3 electric eels (D:7)
  A bullfrog zombie (D:13)
  3 centaur zombies
  3 hounds
  37 orc priests
  7 jellies
  2 bullfrog skeletons
  9 iguanas
  Ijyb (D:5)
  Jessica (D:2)
  14 orc wizards
  6 worker ants
  2 hound skeletons
  A worker ant zombie (D:7)
  13 gnolls
  A howler monkey skeleton (D:6)
  11 adders
  A shadow imp (D:6)
  A white imp (D:6)
  6 ufetubi
  4 oozes
  An adder skeleton (D:8)
  A worm (D:2)
  4 leopard geckos
  81 orcs
  3 ball pythons (D:3)
  9 bats
  5 giant cockroaches
  11 goblins
  5 hobgoblins
  11 jackals
  3 quokkas
  9 frilled lizards
  2 jackal skeletons
  24 kobolds
  A quokka skeleton (D:6)
  6 rats
555 creatures vanquished.

Vanquished Creatures (others)
  An orc (D:15)
  3 kobolds
  11 plants (D:7)
15 creatures vanquished.

Grand Total: 570 creatures vanquished

Notes
Turn   | Place    | Note
-------+----------+-------------------------------------------
     0 | D:1      | bigdumb the Demigod Gladiator began the quest for the Orb.
     0 | D:1      | Reached XP level 1. HP: 17/17 MP: 3/3
   110 | D:1      | Reached XP level 2. HP: 24/24 MP: 4/4
   219 | D:1      | Reached skill level 1 in Armour
   680 | D:1      | Reached XP level 3. HP: 29/29 MP: 5/5
  1162 | D:2      | Noticed Jessica
  1170 | D:2      | Killed Jessica
  1171 | D:2      | Reached XP level 4. HP: 36/36 MP: 6/6
  1226 | D:2      | Found a sparkling altar of Nemelex Xobeh.
  1376 | D:2      | Noticed an ice beast
  1386 | D:2      | Killed an ice beast
  1387 | D:2      | Reached XP level 5. HP: 42/42 MP: 7/7
  2467 | D:3      | Noticed Sigmund
  2502 | D:3      | Killed Sigmund
  2503 | D:3      | Reached skill level 5 in Maces & Flails
  2503 | D:3      | Reached XP level 6. HP: 36/50 MP: 8/8
  3597 | D:5      | Entered Level 5 of the Dungeon
  3597 | D:5      | Noticed Edmund
  4133 | D:5      | Killed Edmund
  4134 | D:5      | Reached XP level 7. HP: 49/57 MP: 9/9
  4280 | D:5      | Found a staircase to the Ecumenical Temple.
  4341 | D:5      | Noticed Ijyb
  4346 | D:5      | Killed Ijyb
  4353 | D:5      | You fall into a shaft and drop 3 floors!
  4387 | D:8      | Got a bloodstained trident
  4388 | D:8      | Identified the +12 trident of Change {vorpal, rElec SInv
                  | Stlth+} (You found it on level 8 of the Dungeon)
  4585 | D:7      | Found a hazy altar of Hepliaklqana.
  4618 | D:6      | Found a bloodstained altar of Trog.
  4630 | D:6      | Reached skill level 1 in Shields
  4632 | D:6      | Reached skill level 1 in Polearms
  4632 | D:6      | Reached skill level 5 in Armour
  4942 | D:6      | Reached XP level 8. HP: 62/66 MP: 10/10
  4978 | D:6      | Reached skill level 2 in Polearms
  5087 | D:6      | Reached skill level 3 in Polearms
  5117 | D:6      | Got a colourful robe
  5118 | D:6      | Identified the +0 robe of Spite {Regen+ Dex+4} (You found
                  | it on level 6 of the Dungeon)
  5362 | D:6      | Found an opulent altar of Gozag.
  5362 | D:6      | Found an iron altar of Okawaru.
  5523 | D:7      | Reached skill level 4 in Polearms
  5991 | D:7      | Reached skill level 5 in Polearms
  6016 | D:7      | Reached XP level 9. HP: 72/72 MP: 11/11
  6397 | D:8      | You fall into a shaft and drop 2 floors!
  6397 | D:10     | Entered Level 10 of the Dungeon
  6687 | D:8      | Found a radiant altar of Vehumet.
  7151 | D:9      | Found a shimmering altar of Xom.
  7245 | D:9      | Found Uthrid's Book Shoppe.
  7574 | D:9      | Noticed Gastronok
  7592 | D:9      | Killed Gastronok
  7593 | D:9      | Reached skill level 7 in Polearms
  7593 | D:9      | Reached XP level 10. HP: 55/80 MP: 13/13
  7708 | D:9      | Found a staircase to the Lair.
  7744 | D:9      | Reached skill level 5 in Fighting
  8416 | D:10     | Reached skill level 5 in Shields
  8596 | D:10     | Found a glowing golden altar of the Shining One.
  9158 | D:11     | Noticed a purple ugly thing
  9159 | D:11     | Noticed a boulder beetle
  9209 | D:11     | Killed a purple ugly thing
  9210 | D:11     | Reached skill level 8 in Polearms
  9448 | D:11     | Noticed Grum
  9468 | D:11     | Killed Grum
 10345 | D:12     | Noticed a catoblepas
 10395 | D:12     | HP: 4/81 [catoblepas (3)]
 10414 | D:13     | Reached XP level 11. HP: 16/88 MP: 14/14
 10865 | D:13     | Reached skill level 9 in Polearms
 10915 | D:13     | Noticed a centaur warrior
 10926 | D:13     | Killed a centaur warrior
 11591 | D:13     | Noticed a deep elf mage
 11597 | D:13     | Killed a deep elf mage
 12021 | D:13     | Reached skill level 10 in Polearms
 12435 | D:12     | Noticed a two-headed ogre
 12443 | D:12     | Killed a two-headed ogre
 12794 | D:12     | Noticed an unseen horror
 12801 | D:12     | Killed an unseen horror
 12879 | D:12     | Found a roughly hewn altar of Beogh.
 12879 | D:12     | Found a staircase to the Orcish Mines.
 13267 | D:12     | Killed a catoblepas
 13483 | D:12     | Noticed Kirke
 14398 | D:12     | You fall into a shaft and drop 1 floor!
 14440 | D:14     | Reached XP level 12. HP: 94/95 MP: 15/15
 14445 | D:14     | Reached skill level 11 in Polearms
 14519 | D:12     | Found a gateway to a bazaar.
 14535 | Bazaar   | Entered a bazaar
 14536 | Bazaar   | Found Uveiwun's Gadget Boutique.
 14536 | Bazaar   | Found Zeteid's Magic Scroll Shop.
 14537 | Bazaar   | Found Guffa's General Store.
 14568 | Bazaar   | Found Visum's Magic Scroll Emporium.
 14577 | Bazaar   | Bought a scroll of enchant armour for 90 gold pieces
 14588 | Bazaar   | Bought a scroll of blinking for 75 gold pieces
 14588 | Bazaar   | Bought a scroll of enchant armour for 75 gold pieces
 14599 | Bazaar   | Bought a scroll of enchant armour for 60 gold pieces
 14599 | Bazaar   | Bought a potion of haste for 80 gold pieces
 14622 | Bazaar   | Bought a scroll of holy word for 90 gold pieces
 14622 | Bazaar   | Bought a scroll of blinking for 90 gold pieces
 14633 | Bazaar   | Bought a scroll of teleportation for 30 gold pieces
 14685 | D:12     | Reached skill level 10 in Armour
 15007 | D:12     | Killed Kirke
 15068 | D:12     | Noticed Psyche
 15077 | D:12     | Killed Psyche
 15470 | D:12     | Noticed Josephine
 15483 | D:12     | Killed Josephine
 17236 | Orc:1    | Entered Level 1 of the Orcish Mines
 17756 | Orc:2    | Entered Level 2 of the Orcish Mines
 18189 | Orc:2    | Found a staircase to the Elven Halls.
 18208 | Orc:2    | Found a transporter.
 18212 | Orc:2    | Noticed cozkul's ghost (journeyman DDBe)
 18215 | Orc:2    | Identified the +6 dire flail of Uqoe {drain, *Slow rF+++
                  | Int+3 Stlth+}
 18215 | Orc:2    | Identified the +4 great mace of Tender Mercy {antimagic,
                  | rC+ Will+ MP+9 Int+2}
 18220 | Orc:2    | Found a transporter.
 18298 | Orc:2    | Reached skill level 12 in Polearms
 18392 | Orc:2    | HP: 2/96 [hellwing[an orc high priest] (3)]
 20523 | Orc:2    | Found Puxuocieh's Weapon Shoppe.
 20523 | Orc:2    | Found Iwka's Jewellery Boutique.
 20590 | Orc:2    | Reached skill level 13 in Polearms
 21160 | Orc:2    | Found a roughly hewn altar of Beogh.
 21176 | Orc:2    | Found Pilicesa's Assorted Antiques.
 21176 | Orc:2    | Found Pikhludin's General Store.
 21182 | Orc:2    | Bought a scroll labelled NIOME YMESA for 28 gold pieces
 21344 | Orc:2    | Bought a +6 ring of strength for 702 gold pieces
 21411 | Orc:2    | Reached XP level 13. HP: 102/102 MP: 16/16
 21456 | Orc:2    | Killed cozkul's ghost
 21820 | D:14     | Reached skill level 14 in Polearms
 22882 | D:14     | Found Xegauffo's Magic Scroll Shoppe.
 22966 | D:14     | Found a gate to the Vaults.
 23091 | D:15     | Entered Level 15 of the Dungeon
 24315 | D:15     | Found a staircase to the Depths.
 24325 | D:15     | Noticed an entropy weaver
 24325 | D:15     | an alligator changed into an entropy weaver
 24327 | D:15     | Killed an entropy weaver
 24328 | D:15     | Reached skill level 10 in Shields
 25029 | D:15     | Reached skill level 15 in Polearms
 25179 | D:15     | Got a fading mace
 25180 | D:15     | Identified the +6 mace of Putran {vorpal, rPois} (You found
                  | it on level 15 of the Dungeon)
 25325 | D:15     | Reached XP level 14. HP: 71/113 MP: 17/17
 25736 | Depths:1 | Entered Level 1 of the Depths
 26220 | Depths:1 | Noticed a frost giant
 26233 | Depths:1 | Killed a frost giant
 26445 | Depths:1 | Noticed a lich
 26692 | Depths:1 | Killed a lich
 26898 | Depths:1 | Noticed a tengu reaver
 26907 | Depths:1 | Noticed Sojobo
 27445 | D:15     | Killed a tengu reaver
 28167 | Depths:1 | Noticed a tengu reaver
 28177 | Depths:1 | Killed from afar by a tengu reaver

Illustrated notes

Levels and vault maps discovered:
D:1:      dpeg_arrival_another_circle, layout_rooms, minmay_misc_feat_chi
D:2:      layout_rooms, lemuel_crystal_altar, kennysheep_generic_room_10,
          uniq_jessica
D:3:      layout_basic, uniq_sigmund
D:4:      layout_loops_ring
D:5:      wad_crossroads, layout_basic, temple_hall, uniq_ijyb, uniq_eustachio,
          uniq_grinder, uniq_edmund
D:6:      minmay_general_purpose_star, layout_rooms, trog_ov_bears_minmay,
          gammafunk_temple_overflow_pools
D:7:      layout_basic, basic_altar, nrook_mini_backslash, serial_bayou_lake_a
D:8:      layout_gridville, lemuel_round_altar
D:9:      layout_basic, lemuel_round_altar, lair_entry_dummy, serial_shops,
          kennysheep_mini, uniq_gastronok
D:10:     layout_rooms, tso_metal_star
D:11:     layout_layer_cave, kennysheep_dice, uniq_grum
D:12:     layout_irregular_city, david_orc_5, serial_shops, bzr_entry_customers,
          uniq_psyche, uniq_kirke, uniq_josephine
D:13:     layout_stronghold, grunt_decor_junction, minmay_misc_feat_encased
D:14:     layout_loops_ring, david_vaults_4, serial_shops, shop,
          minmay_quadrilaterals
D:15:     hangedman_depths_entry_try_elsewhere_first, layout_loops_corners,
          hangedman_decor_opposing, special_room [special_room_bee]
Orc:1:    layout_caves
Orc:2:    st_orc_town, layout_caves, gammafunk_ghost_smash
Depths:1: layout_cave_shapes, pf_hell_entry_great_geh, serial_glass,
          glass_columns_a, glass_columns_c, chequers_serial_rivers_micro_b,
          minivault_16, evilmike_minifort, uniq_sojobo

Skill      XL: |  1  2  3  4  5  6  7  8  9 10 11 12 13 14 |
---------------+-------------------------------------------+-----
Maces & Flails | 3 4 5 |  5.6
Dodging        | 3 4 |  4.2
Armour         | 1 2 3 5 6 7 9 10 11 | 11.2
Fighting       | 2 3 4 5 6 7 |  7.6
Shields        | 1 2 4 6 8 9 10 11 | 11.3
Polearms       | 1 5 7 8 10 13 15 | 15.3
Throwing       | |  1.7
Stealth        | |  0.1

Action                   |  1- 3 |  4- 6 |  7- 9 | 10-12 | 13-15 || total
-------------------------+-------+-------+-------+-------+-------++-------
Melee: Flail             |   129 |   189 |    29 |       |       ||   347
       Trident           |       |       |   204 |   884 |   499 ||  1587
Throw: Throwing net      |       |       |     1 |     2 |       ||     3
  Use: Scroll            |     1 |     8 |     4 |     8 |    11 ||    32
       Potion            |       |     4 |     5 |    10 |     6 ||    25
 Stab: Petrified         |       |       |       |     2 |       ||     2
       Distracted        |       |       |       |     1 |       ||     1
       Petrifying        |       |       |       |     1 |       ||     1
       Held in net/web   |       |       |       |     1 |       ||     1
Armor: Chain mail        |   155 |   148 |   113 |   235 |    98 ||   749
       Leather armour    |     1 |       |       |       |       ||     1
Dodge: Dodged            |   123 |   119 |    50 |    86 |    46 ||   424
Block: Other             |       |    29 |    14 |       |       ||    43
       Reflection        |       |     2 |     6 |    54 |    18 ||    80
       Tower shield      |       |       |    99 |   733 |   395 ||  1227
       Buckler           |       |       |     6 |       |       ||     6
